 Dungeon Crawl Stone Soup version 0.30-a0-972-gf3ab3527aa (webtiles) character file.

Game seed: 1305510150237230456

86 DeathPants the Chopper (level 4, -1/34 HPs)
             Began as a Demonspawn Gladiator on Mar 31, 2023.
             Killed from afar by Natasha (7 damage)
             ... with a magic dart
             ... on level 2 of the Dungeon.
             The game lasted 00:03:27 (1153 turns).

DeathPants the Chopper (Demonspawn Gladiator)       Turns: 1153, Time: 00:03:28

Health: -1/34      AC:  7    Str: 15    XL:     4   Next: 27%
Magic:  0/4        EV: 10    Int: 11    God:
Gold:   159        SH:  0    Dex: 14    Spells: 3/3 levels left

rFire   . . .      SeeInvis .    b - +1 war axe (freeze)
rCold   . . .      Faith    .    (no shield)
rNeg    . . .      Spirit   +    o - +0 scale mail
rPois   +          Reflect  .    c - +0 helmet
rElec   .          Rampage  .    (no cloak)
rCorr   .                        (no gloves)
Will    .....                    (no boots) Stlth
                                 h - amulet of guardian spirit
HPRegen 0.25/turn                f - ring of poison resistance
MPRegen 0.09/turn                (no ring)

@: no status effects
A: demonic guardian 1
a: no special abilities


You were on level 2 of the Dungeon.
You visited 1 branch of the dungeon, and saw 3 of its levels.

You collected 159 gold pieces.

Inventory:

Hand Weapons
 a - a +0 war axe
 b - a +1 war axe of freezing (weapon)
Missiles
 d - 3 throwing nets (quivered)
 e - a javelin
Armour
 c - a +0 helmet (worn)
 o - a +0 scale mail (worn)
Jewellery
 f - a ring of poison resistance (left hand)
 h - an amulet of guardian spirit (around neck)
Scrolls
 g - a scroll of teleportation {unknown}
 m - 3 scrolls of identify {unknown}
Potions
 i - a potion of lignification {unknown}
 j - a potion of resistance {unknown}
 k - a potion of brilliance {unknown}
 l - a potion of attraction {unknown}


   Skills:
 + Level 2.7 Fighting
 * Level 3.6 Axes
 - Level 1.7 Throwing
 + Level 1.3 Armour
 + Level 3.1 Dodging


You had 3 spell levels left.
You didn't know any spells.
Your spell library contained the following spells:

 Spells                   Type           Power      Damage    Failure   Level
 Ensorcelled Hibernation  Hex/Ice        0%         N/A       91%         2
 Passwall                 Tmut/Erth      0%         N/A       91%         2
 Swiftness                Air            0%         N/A       99%         3


Dungeon Overview and Level Annotations

Branches:
Dungeon (3/15)

Altars:
Dithmenos

Annotations:
D:2 Natasha


Innate Abilities, Weirdness & Mutations

A weak demonic guardian rushes to your aid.


Message History

You climb upwards.
There is a stone staircase leading down here.
You now have 150 gold pieces (gained 8).
You now have 159 gold pieces (gained 9).
Natasha, Servant of Life and Death comes into view.
Natasha hisses angrily.
A gnoll comes into view. It is wielding a +0 whip.
The gnoll shouts!
You hear a shout! x2 3 gnolls come into view.
Found a scroll labelled LURYNELUESS.
The gnoll shouts! x3
Natasha misses you. The gnoll hits you with a +0 whip.
The gnoll hits you from afar with a +0 spear!
The gnoll hits you with a +0 spear.
You slash the gnoll! You freeze the gnoll.
The gnoll is severely wounded.
You closely miss Natasha. You hit the gnoll. You freeze the gnoll.
Natasha barely misses you.
The gnoll hits you from afar with a +0 spear.
Natasha growls.
Natasha completely misses you.
The gnoll hits you from afar with a +0 spear.
The gnoll hits you with a +0 flail. The gnoll attacks as you move away!
The gnoll hits you with a +0 whip.
* * * LOW HITPOINT WARNING * * *
The gnoll hits you but does no damage. The gnoll attacks as you move away!
The gnoll hits you with a +0 spear.
* * * LOW HITPOINT WARNING * * *
Natasha attacks as you move away! Natasha claws you but does no damage.
The gnoll attacks as you move away! The gnoll hits you but does no damage.
Natasha howls an incantation.
Natasha's front paws start to glow.
The gnoll barely misses you. Natasha closely misses you.
You barely miss Natasha. Natasha claws you.
* * * LOW HITPOINT WARNING * * *
A demonic guardian appears!
Natasha casts a spell at you. The magic dart hits you!
You die...

# ####.##### #...
#.....# #...
#.....# #.).
#.....# #... #
#.....# ####.##
#. #..>†.#
#....## ##.######
#.....# #....##
........###.....#
#...###
...?...g#@.5....#
#...#
........#h#.....#
#...#
......g..g#.....#
#...#
........#########
#...# ........#
#...# ........#
##### #########


You could see Natasha (ally target), a gnoll and a friendly iron imp (summoned).

Vanquished Creatures
  Natasha (D:2)
  An adder (D:2)
  2 worms (D:2)
  A dart slug (D:1)
  2 ball pythons (D:2)
  A bat (D:1)
  2 endoplasms (D:1)
  2 giant cockroaches
  8 goblins
  5 hobgoblins
  2 jackals (D:1)
  3 quokkas
  A frilled lizard (D:1)
  4 kobolds
  5 rats
40 creatures vanquished.

Vanquished Creatures (collateral kills)
  An endoplasm (D:1)
1 creature vanquished.

Grand Total: 41 creatures vanquished

Notes
Turn   | Place    | Note
-------+----------+-------------------------------------------
     0 | D:1      | DeathPants the Demonspawn Gladiator began the quest for the
                  | Orb.
     0 | D:1      | Reached XP level 1. HP: 16/16 MP: 1/1
   137 | D:1      | Gained mutation: A weak demonic guardian rushes to your
                  | aid. [demonic ancestry]
   137 | D:1      | Reached XP level 2. HP: 17/22 MP: 2/2
   635 | D:1      | Reached XP level 3. HP: 28/28 MP: 3/3
   841 | D:2      | Reached skill level 1 in Armour
  1022 | D:2      | Noticed Natasha
  1028 | D:2      | Killed Natasha
  1029 | D:2      | Reached XP level 4. HP: 33/34 MP: 4/4
  1079 | D:2      | Found a shadowy altar of Dithmenos.
  1144 | D:2      | Noticed Natasha
  1153 | D:2      | Killed from afar by Natasha

Illustrated notes

Levels and vault maps discovered:
D:1:      dpeg_arrival_boxes_within_box, layout_loops_ring,
          minmay_small_reverse_x
D:2:      layout_rooms, basic_altar, uniq_terence, uniq_natasha
D:3:      layout_rooms, pdpol_temple_overflow_zin_treasury_gozag_greed,
          gammafunk_temple_overflow_statue, nemelex_diamond_rough_becter,
          nicolae_wu_jian_wuxing_cycle, minmay_misc_feat_doors

Skill      XL: |  1  2  3 |
---------------+----------+-----
Axes           | 3 |  3.6
Dodging        | 3 |  3.1
Armour         | 1 |  1.3
Fighting       | |  2.7
Throwing       | |  1.7

Action                     |  1- 3 |  4- 6 || total
---------------------------+-------+-------++-------
  Melee: War axe           |    92 |     8 ||   100
         Punch             |     1 |       ||     1
 Armour: Leather armour    |     4 |       ||     4
         Ring mail         |    26 |       ||    26
         Scale mail        |     6 |     5 ||    11
  Dodge: Dodged            |    59 |     9 ||    68

Table legend: (Time is in decaauts)
 A = Elapsed time spent in this place.
 B = Non-inter-level travel time spent in this place.
 C = Inter-level travel time spent in this place.
 D = Time resting spent in this place.
 E = Time spent auto-exploring this place.
 F = Levels seen in this place.
 G = Mean time per level.
                   A        B        C        D        E       F      G
               +--------+--------+--------+--------+--------+-----+--------+
         Total |   1187 |   1118 |     69 |      0 |    698 |   3 |  395.7 |
       Dungeon |   1187 |   1118 |     69 |      0 |    698 |   3 |  395.7 |
               +--------+--------+--------+--------+--------+-----+--------+

Top non-repeatable levels by time:
     D:1: 765 daAuts
     D:2: 391 daAuts
     D:3: 30 daAuts
